AoeStats
← fRodos_

MegaRandom

506334333Analyzed
2v2 RM · 19d ago on Sep 13, 2026· 46m 27s· 4 players
Game mode
Random Map
Map size
Medium (4 player)
Population
200
Speed
Normal
Resources
Standard
Victory
Conquest
Starting age
Dark Age
Ending age
Imperial Age
RankedLock teamsTeams togetherTeam positionsShared explorationLock speedFull tech treeHidden civsTurbo modeCheats
Victory
Defeat
🇦🇷 Huns · Argentina
1043
+17
🇦🇷 Magyars · Argentina
992
+19
🇭🇺 Tatars · Hungary
1082
-18
🇭🇺 Teutons · Hungary
1055
-18
totekazee
8:04 Loom
12:00 Feudal Age
12:40 Double-Bit Axe
12:39 Horse Collar
14:34 Fishing Lines
20:00 Castle Age
18:50 Gold Mining
19:24 Fletching
19:46 Forging
20:18 Padded Archer Armor
20:18 Stone Mining
21:19 Gillnets
21:46 Pikeman
23:45 Wheelbarrow
24:06 Bow Saw
25:08 Bodkin Arrow
25:42 Medium Warships
25:45 Heavy Plow
28:24 Scale Barding Armor
29:19 Bloodlines
29:43 Ballistics
30:47 Town Watch
33:22 Iron Casting
33:08 Chain Barding Armor
35:05 Husbandry
37:04 Leather Archer Armor
40:22 Imperial Age
38:25 Thumb Ring
40:48 Gold Shaft Mining
40:34 Hand Cart
41:46 Parthian Tactics
40:47 Cavalier
42:53 Conscription
44:17 Plate Barding Armor
43:26 Halberdier
agepique
9:24 Loom
11:53 Feudal Age
12:31 Double-Bit Axe
12:27 Horse Collar
20:42 Castle Age
19:51 Scale Barding Armor
21:09 Bloodlines
25:28 Pikeman
30:17 Scale Mail Armor
36:13 Imperial Age
37:24 Cavalier
41:45 Chain Mail Armor
45:15 Husbandry
44:37 Halberdier
45:42 Fletching
46:56 Chain Barding Armor
fRodos_
4:50 Loom
11:40 Feudal Age
12:44 Double-Bit Axe
18:20 Castle Age
17:48 Bloodlines
18:16 Fletching
19:19 Forging
20:55 Husbandry
22:23 Scale Barding Armor
25:44 Chain Barding Armor
25:30 Horse Collar
34:10 Masonry
37:14 Wheelbarrow
39:49 Iron Casting
43:04 Bodkin Arrow
43:07 Elite Skirmisher
lusza
5:07 Loom
12:36 Feudal Age
14:24 Double-Bit Axe
18:26 Castle Age
16:59 Forging
16:50 Scale Mail Armor
16:56 Scale Barding Armor
16:43 Fletching
16:53 Horse Collar
17:01 Arson
18:58 Bloodlines
20:45 Chain Barding Armor
20:53 Pikeman
21:34 Demolition Ship
25:06 Squires
27:38 Wheelbarrow
28:45 Chain Mail Armor
29:54 Heavy Plow
30:22 Bow Saw
35:42 Demolition Ship
41:20 Imperial Age
39:07 Hand Cart
39:30 Iron Casting
39:41 Medium Warships
41:36 Elite Teutonic Knight
43:54 Chemistry
43:15 Ballistics
44:42 Hoardings
45:39 Cavalier
Connection lost

Rejoining the realm…

Still unreachable

The connection could not be restored.

Session expired

The server has moved on; the page needs a fresh start.